 Dungeon Crawl Stone Soup version 0.31.0-11-ge490571c62 (webtiles) character file.

Game seed: 1977095885973836046

11508 Aviak the Covert (level 11, -1/60 HPs)
             Began as a Spriggan Summoner on Feb 3, 2024.
             Was a Follower of Lugonu.
             Killed from afar by an arcanist (19 damage)
             ... with a bolt of cold
             ... on level 13 of the Dungeon.
             The game lasted 00:41:36 (10968 turns).

Aviak the Covert (Spriggan Summoner)               Turns: 10968, Time: 00:41:36

Health: -1/60      AC:  8    Str:  4    XL:     11   Next: 50%
Magic:  21/21      EV: 18    Int: 17    God:    Lugonu [*.....]
Gold:   208        SH:  0    Dex: 20    Spells: 16/22 levels left

rFire   . . .        q - +1 sling (heavy)
rCold   . . .        (no shield)
rNeg    . . .        E - +0 troll leather armour
rPois   .            (helmet restricted)
rElec   .            S - +0 cloak
rCorr   .            (gloves unavailable)
SInv    +            (boots unavailable)
Will    +....        j - amulet of faith {!P}
Stlth   ++++         A - +4 ring of protection
HPRegen 1.10/turn    (no ring)
MPRegen 0.17/turn

%: faith
@: fragile (+50% incoming damage), very quick
A: very small, no large weapons, unfitting armour, see invisible, speed 3
a: Renounce Religion, Depart the Abyss


You were on level 13 of the Dungeon.
You worshipped Lugonu.
Lugonu was aware of your devotion.
You visited 2 branches of the dungeon, and saw 14 of its levels.
You visited the Abyss 2 times.
You also visited: Bailey.

You collected 651 gold pieces.
You spent 443 gold pieces at shops.

Inventory:

Hand Weapons
 q - a +1 heavy sling (weapon)
 C - a +3 short sword
 U - a +0 short sword of speed
Missiles
 F - 2 throwing nets {!f}
Armour
 E - a +0 troll leather armour (worn)
 S - a +0 cloak (worn)
Jewellery
 j - an amulet of faith (around neck) {!P}
 A - a +4 ring of protection (left hand)
Talismans
 T - a serpent talisman
Wands
 m - a wand of acid (4)
 y - a wand of roots (10)
 B - a wand of polymorph (22)
 H - a wand of mindburst (1)
 K - a wand of digging (4)
 N - a wand of charming (3)
Scrolls
 a - a scroll of noise {!r!r}
 e - a scroll of brand weapon {unknown}
 g - 2 scrolls of fog
 i - a scroll of identify
 o - a scroll of immolation {unknown}
 s - a scroll of summoning {!r}
 t - 7 scrolls of teleportation
 v - 5 scrolls of enchant armour
 x - 3 scrolls of poison
 I - a scroll of vulnerability {unknown}
 J - a scroll of blinking {unknown}
 L - 2 scrolls of amnesia {unknown}
 P - a scroll of fear
 Q - a scroll of enchant weapon {unknown}
Potions
 b - a potion of magic
 c - 3 potions of curing
 d - a potion of invisibility {unknown}
 f - 2 potions of haste
 h - a potion of brilliance
 k - 3 potions of might {unknown}
 l - 4 potions of lignification {!q}
 n - 2 potions of attraction
 p - a potion of enlightenment {unknown}
 u - 3 potions of ambrosia {unknown}
 z - 2 potions of cancellation {unknown}
 D - 2 potions of degeneration {unknown}
 O - a potion of resistance {unknown}
 R - 2 potions of heal wounds {unknown}
Miscellaneous
 G - a sack of spiders


   Skills:
 + Level 8.2 Fighting
 + Level 9.4 Short Blades
 - Level 4.2 Ranged Weapons
 - Level 4.0 Dodging
 - Level 10.0 Stealth
 - Level 6.0 Spellcasting
 - Level 4.0 Summonings
 + Level 8.9 Invocations


You had 16 spell levels left.
You knew the following spells:

 Your Spells              Type           Power      Damage    Failure   Level
a - Summon Small Mammal   Summ           72%        N/A       4%          1
b - Call Imp              Summ           36%        N/A       7%          2
c - Call Canine Familiar  Summ           18%        N/A       13%         3

Your spell library contained the following spells:

 Spells                   Type           Power      Damage    Failure   Level
 Blink                    Tloc           10%        N/A       34%         2
 Lesser Beckoning         Tloc           10%        N/A       34%         2
 Momentum Strike          Conj/Tloc      10%        3d8       34%         2
 Static Discharge         Conj/Air       10%        3-4/arc   34%         2
 Dazzling Flash           Conj/Hex       10%        N/A       56%         3
 Tukima's Dance           Hex            5%         N/A       56%         3
 Summon Blazeheart Golem  Fire/Summ      11%        N/A       69%         4
 Summon Lightning Spire   Summ/Air       11%        N/A       69%         4
 Airstrike                Air            2%         2d(1-17)  92%         4
 Animate Dead             Necr           5%         N/A       92%         4
 Cause Fear               Hex            2%         N/A       92%         4
 Leda's Liquefaction      Alch/Erth      2%         N/A       92%         4
 Borgnjor's Vile Clutch   Necr/Erth      2%         N/A       99%         5
 Lee's Rapid Deconstruct  Erth           2%         3d5*      99%         5
 Bombard                  Conj/Erth      2%         9d1       100%        6
 Death Channel            Necr           2%         N/A       100%        6


Dungeon Overview and Level Annotations

Branches:
Dungeon (14/15)            Temple (1/1) D:5            Lair (0/5) D:11
    Orc (0/2) D:10         Bailey (visited)
 Vaults: D:13-14

Altars:
Ashenzari
Cheibriados
Dithmenos
Elyvilon
Fedhas
Gozag
Hepliaklqana
Kikubaaqudgha
Makhleb
Nemelex Xobeh
Okawaru
Qazlal
Ru
Sif Muna
Trog
Uskayaw
Vehumet
Wu Jian
Xom
Yredelemnul
Zin
The Shining One

Shops:
D:4 (*?(*   D:7 [!   D:9 :

Annotations:
D:5 2 runed translucent doors
D:11 exclusion: oklob plant


Innate Abilities, Weirdness & Mutations

You are very small and have problems with some larger weapons.
You are too small for most types of armour.
You have supernaturally acute eyesight. (SInv)
You cover ground extremely quickly. (Speed+++)


Message History

Fire: q) +1 sling (heavy)
Press: ? - help, Q - select action, (/) - cycle Shift-Dir - straight line, f/p - arcanist
Aim: an arcanist, wielding a +0 dagger and wearing a +0 robe (severely wounded, fast, 58% to hit)
You shoot a sling bullet.
The sling bullet closely misses the arcanist.
The arcanist misses you. The arcanist closely misses you.
The arcanist hits you with a +0 dagger.
Fire: q) +1 sling (heavy)
Press: ? - help, Q - select action, (/) - cycle Shift-Dir - straight line, f/p - arcanist
Aim: an arcanist, wielding a +0 dagger and wearing a +0 robe (severely wounded, fast, 58% to hit)
You shoot a sling bullet. The sling bullet hits the arcanist!
The arcanist is almost dead.
The arcanist hits you but does no damage.
The arcanist misses you.
Fire: q) +1 sling (heavy)
Press: ? - help, Q - select action, (/) - cycle Shift-Dir - straight line, f/p - arcanist
Aim: an arcanist, wielding a +0 dagger and wearing a +0 robe (almost dead, fast, 58% to hit)
You shoot a sling bullet.
The sling bullet closely misses the arcanist.
The arcanist hits you with a +0 dagger. The arcanist completely misses you.
The arcanist gestures at you while chanting.
Your body becomes as fragile as glass!
Fire: q) +1 sling (heavy)
Press: ? - help, Q - select action, (/) - cycle Shift-Dir - straight line, f/p - arcanist
Aim: an arcanist, wielding a +0 dagger and wearing a +0 robe (almost dead, fast, 58% to hit)
You shoot a sling bullet.
The sling bullet barely misses the arcanist.
The arcanist hits you but does no damage.
The arcanist points at you and mumbles some strange words.
The bolt of cold hits you!!
Ouch! That really hurt!
* * * LOW HITPOINT WARNING * * *
The arcanist hits you but does no damage.
Aiming: Corrosive Bolt
Press: ? - help, Shift-Dir - straight line, f/p - arcanist
Aim: an arcanist, wielding a +0 dagger and wearing a +0 robe (almost dead, fast, 60% to hit)
The bolt of acid misses the arcanist.
The arcanist casts a spell at you. The bolt of cold hits you!
You die...

********** **,,,,,,,,**
*##***,,,*****,,*
#####.+,,*,,,*,,,**,* ********
#...#.#,,*,,,*,,,**,*
,,,,,,,*****#...#.#,,#...#,,,*,,,
,,,,,,,+,,,,+...@.#,,#...+,∩,*,,,
,,,,,,,*****#..p###++#...#,,,*,,,
,,,,,,,* #...#,,,,#...#,,,*,,,
,,,,,,,* #...#,,,,+o..#,,,*,,,
,,,,,,,* ###)#*****.O.********
*,,***** #)# *#.#* *,* **,,*****
#####'#######)# *,*
*,,,,,,**#.......oO.p..# *,*
*,,,,,,*,+......<.###### *,*


You could see an arcanist (fast).

Vanquished Creatures
  2 orc knights (Bailey)
  An oklob plant (D:11)
  An ugly thing (D:13)
  Jeremiah (D:7)
  A komodo dragon (D:8)
  2 unseen horrors
  A kobold demonologist (D:11)
  A troll (D:10)
  A shadow (D:11)
  4 yaks (D:8)
  3 steam dragons (D:9)
  2 vampire mosquitoes (D:5)
  Edmund (D:5)
  A water moccasin (D:7)
  A nameless horror (D:6)
  2 ice beasts
  A black bear (D:8)
  8 orc warriors
  2 sky beasts
  4 ogres
  4 centaurs
  2 lemures (D:7)
  A phantom (D:4)
  3 kobold brigands
  3 bullfrogs
  2 gnoll sergeants
  4 scorpions
  8 wights
  2 howler monkeys (D:8)
  An electric eel (D:10)
  A bombardier beetle (D:7)
  A gnoll bouda (D:9)
  An orc priest (D:3)
  7 hounds
  4 jellies
  2 iguanas
  6 orc wizards
  10 gnolls
  4 adders
  2 white imps
  2 dart slugs
  2 ribbon worms (D:2)
  43 orcs
  4 ball pythons
  5 endoplasms
  A giant cockroach (D:2)
  6 goblins
  9 hobgoblins
  7 kobolds
  2 quokkas
  A bat (D:1)
  5 rats
195 creatures vanquished.

Vanquished Creatures (collateral kills)
  A two-headed ogre (D:13)
  Pikel (D:7)
  2 trolls
  A wraith (D:10)
  2 orc warriors
  A black bear (D:5)
  Blork the orc (D:5)
  2 gnoll sergeants (D:10)
  2 scorpions (D:5)
  2 wights (D:9)
  2 hounds
  An orc wizard (D:5)
  3 gnolls (D:4)
  4 adders
  4 orcs
  4 endoplasms
  A giant cockroach (D:2)
  4 goblins
  3 hobgoblins
  A kobold (D:1)
  A quokka (D:2)
  A ball python (D:2)
  2 bats (D:2)
46 creatures vanquished.

Vanquished Creatures (others)
  A two-headed ogre (D:13)
  An orc knight (D:13)
2 creatures vanquished.

Grand Total: 243 creatures vanquished

Notes
Turn   | Place    | Note
-------+----------+-------------------------------------------
     0 | D:1      | Aviak the Spriggan Summoner began the quest for the Orb.
     0 | D:1      | Reached XP level 1. HP: 9/9 MP: 5/5
   159 | D:1      | Reached XP level 2. HP: 13/13 MP: 3/6
   515 | D:2      | Learned a level 2 spell: Call Imp
   556 | D:2      | Reached XP level 3. HP: 12/16 MP: 3/8
   704 | D:2      | Learned a level 3 spell: Call Canine Familiar
   984 | D:2      | Reached skill level 4 in Stealth
  1214 | D:2      | Reached XP level 4. HP: 9/21 MP: 5/10
  1807 | D:3      | Reached XP level 5. HP: 24/24 MP: 12/12
  1913 | D:4      | Found Daocycs's Assorted Antiques.
  1923 | D:4      | Bought an inky potion for 26 gold pieces
  1923 | D:4      | Bought a blue potion for 26 gold pieces
  1923 | D:4      | Bought a runed robe for 107 gold pieces
  1997 | D:4      | Reached skill level 5 in Stealth
  2035 | D:4      | Found a shimmering altar of Xom.
  2096 | D:4      | Found a radiant altar of Vehumet.
  2100 | D:4      | Noticed an ice beast
  2170 | D:4      | Killed an ice beast
  2171 | D:4      | Reached skill level 1 in Fighting
  2171 | D:4      | Reached skill level 1 in Ranged Weapons
  2171 | D:4      | Reached XP level 6. HP: 30/30 MP: 7/13
  2278 | D:4      | Found Idyrph's Weapon Shop.
  2388 | D:4      | Found Qiokhiq's Magic Scroll Shoppe.
  2578 | D:4      | Found Ecweamyz's Antique Weapon Boutique.
  2836 | D:4      | Found Yhoijooff's General Store.
  2843 | D:4      | Bought a scroll of teleportation for 30 gold pieces
  2843 | D:4      | Bought a scroll of teleportation for 30 gold pieces
  2868 | D:5      | Entered Level 5 of the Dungeon
  2868 | D:5      | Found a large runed translucent door.
  2874 | D:5      | Found a large runed translucent door.
  2879 | D:5      | Found a large runed translucent door.
  2879 | D:5      | Found a large runed translucent door.
  2953 | D:5      | Reached skill level 6 in Stealth
  2961 | D:5      | Reached skill level 5 in Spellcasting
  3019 | D:5      | Reached XP level 7. HP: 35/35 MP: 13/15
  3234 | D:5      | Reached skill level 7 in Stealth
  3398 | D:5      | Found a staircase to the Ecumenical Temple.
  3410 | Temple   | Entered the Ecumenical Temple
  3415 | Temple   | Became a worshipper of Uskayaw the Reveller
  3467 | D:5      | Reached * piety under Uskayaw
  3468 | D:5      | Noticed Edmund
  3519 | D:5      | Reached XP level 8. HP: 26/40 MP: 16/18
  3567 | D:5      | Killed Edmund
  3567 | D:5      | Reached ** piety under Uskayaw
  3568 | D:5      | Reached skill level 8 in Stealth
  3568 | D:5      | Reached skill level 1 in Invocations
  3675 | D:5      | Reached *** piety under Uskayaw
  3856 | D:5      | Got the Almanac of Indurated Anathema
  3872 | D:5      | Noticed Blork the orc
  3890 | D:5      | Killed Blork the orc
  4172 | D:5      | Noticed a troll
  4208 | D:5      | Reached skill level 1 in Short Blades
  4340 | D:5      | Killed a troll
  4341 | D:5      | Reached skill level 9 in Stealth
  4482 | D:5      | Reached XP level 9. HP: 35/45 MP: 13/19
  4484 | D:5      | Identified the +5 whip "Naqeb" {spect, Will+ Str+3}
  4556 | D:5      | Reached **** piety under Uskayaw
  4560 | D:5      | Reached ***** piety under Uskayaw
  4623 | D:6      | Reached skill level 10 in Stealth
  5183 | D:7      | Noticed Pikel
  5243 | D:7      | Killed Pikel
  5244 | D:7      | Reached skill level 5 in Fighting
  5307 | D:7      | Noticed Jeremiah
  5332 | D:7      | Found Gyekh's Distillery.
  5332 | D:7      | Found Rywon's Armour Emporium.
  5414 | D:7      | Found a flagged portal.
  5421 | Bailey   | Entered a bailey
  5435 | Bailey   | Reached skill level 5 in Invocations
  5479 | Bailey   | Reached skill level 5 in Short Blades
  5844 | Bailey   | Noticed an orc knight
  5844 | Bailey   | Noticed an orc knight
  5853 | Bailey   | Killed an orc knight
  5854 | Bailey   | Reached XP level 10. HP: 44/53 MP: 20/20
  6009 | Bailey   | Killed an orc knight
  6585 | D:7      | Killed Jeremiah
  6703 | D:7      | Bought a potion of curing for 42 gold pieces
  6703 | D:7      | Bought a potion of haste for 140 gold pieces
  6703 | D:7      | Bought a potion of curing for 42 gold pieces
  7484 | D:8      | Found an ornate altar of the Wu Jian Council.
  7788 | D:8      | Found a stormy altar of Qazlal.
  7956 | D:8      | Found a hazy altar of Hepliaklqana.
  8300 | D:8      | Found a glowing golden altar of the Shining One.
  8306 | D:8      | Found an iron altar of Okawaru.
  8311 | D:8      | Found a basalt altar of Yredelemnul.
  8376 | D:9      | Found a bloodstained altar of Trog.
  9201 | D:9      | Found Bosaorph's Book Boutique.
  9248 | D:10     | Entered Level 10 of the Dungeon
  9457 | D:10     | Reached XP level 11. HP: 41/57 MP: 15/21
  9512 | D:10     | Found a shimmering blue altar of Sif Muna.
  9513 | D:10     | Found an ancient bone altar of Kikubaaqudgha.
  9655 | D:10     | Found a staircase to the Orcish Mines.
  9679 | Abyss:2  | Cast into level 2 of the Abyss (gnoll sergeant)
  9709 | Abyss:3  | Found a corrupted altar of Lugonu.
  9722 | Abyss:3  | Fell from the grace of Uskayaw
  9722 | Abyss:3  | Became a worshipper of Lugonu the Unformed
  9722 | Abyss:3  | Reached * piety under Lugonu
  9722 | Abyss:3  | Reached ** piety under Lugonu
  9723 | D:10     | Escaped the Abyss
  9981 | D:10     | Paralysed by the fury of Uskayaw for 5 turns
 10000 | Abyss:3  | Cast into level 3 of the Abyss (gnoll sergeant)
 10026 | Abyss:3  | Noticed a starcursed mass
 10032 | D:10     | Escaped the Abyss
 10463 | D:11     | Noticed an oklob plant
 10467 | D:11     | Found a staircase to the Lair.
 10467 | D:11     | Noticed an oklob plant
 10471 | D:11     | Killed an oklob plant
 10875 | D:11     | You fall into a shaft and drop 3 floors!
 10896 | D:13     | Noticed a brown ugly thing
 10900 | D:13     | Killed a brown ugly thing
 10901 | D:13     | Found a sparkling altar of Nemelex Xobeh.
 10920 | D:13     | Noticed an arcanist
 10920 | D:13     | Noticed a two-headed ogre
 10921 | D:13     | Noticed a two-headed ogre
 10921 | D:13     | Noticed an orc knight
 10956 | D:13     | Killed a two-headed ogre
 10968 | D:13     | Killed from afar by an arcanist

Illustrated notes

Levels and vault maps discovered:
D:1:      wander_arrival_lonely_grave, layout_basic, minmay_pentomino_r2
D:2:      layout_rooms, grunt_ministairs_12, minmay_gold_behind_fungi
D:3:      layout_basic, nicolae_houndstooth_variations
D:4:      layout_loops_ring, mainiacjoe_overflow_cross_hatched,
          old_standard_altar, serial_shops, shop, nicolae_shop_peninsula, shop,
          nicolae_shop_rolling_square, nicolae_shop_peninsula
D:5:      layout_loops_ring, minmay_temple_entry_slanted,
          minmay_hollow_rounded_squares, uniq_blork_the_orc, uniq_edmund
D:6:      layout_cave_pools
D:7:      layout_layer_cave, serial_shops, nicolae_shop_getting_attention,
          nicolae_shop_tiny_statue_garden, enter_bailey_2, uniq_jeremiah,
          uniq_pikel
D:8:      layout_cave_pools, nzn_wu_jian_council_hall,
          nicolae_qazlal_scattered_showers, mainiacjoe_overflow_alcove_1,
          minmay_overflow_temple_star_quad
D:9:      layout_loops_cross, mainiacjoe_overflow_concentric_impassable,
          serial_shops, shop
D:10:     layout_rooms, nicolae_overflow_squiral,
          kennysheep_orc_monster_closet_entryway, nicolae_titane
D:11:     layout_stronghold, dpeg_oklobed_lair
D:13:     layout_roguey, david_vaults_1, gauntlet_entry_generic,
          nemelex_diamond_rough_becter, uniq_rupert, uniq_kirke
D:14:     layout_roguey, serial_rivers, chequers_serial_rivers_micro_e,
          chequers_serial_rivers_small_a, chequers_serial_rivers_room_a,
          chequers_serial_rivers_micro_a, uniq_nessos
Temple:   minmay_freezing_vapour_temple

Skill      XL: |  1  2  3  4  5  6  7  8  9 10 11 |
---------------+----------------------------------+-----
Dodging        | 3 4 |  4.0
Spellcasting   | 3 4 5 6 |  6.0
Stealth        | 4 5 6 7 9 10 | 10.0
Summonings     | 4 |  4.0
Fighting       | 1 2 3 4 5 7 8 |  8.2
Ranged Weapons | 1 2 3 4 |  4.2
Invocations    | 3 5 7 8 |  8.9
Short Blades   | 2 6 8 9 |  9.4

Action                     |  1- 3 |  4- 6 |  7- 9 | 10-12 || total
---------------------------+-------+-------+-------+-------++-------
  Melee: Dagger            |   100 |       |       |       ||   100
         Unarmed           |     1 |       |       |       ||     1
         Punch             |     1 |       |     1 |     5 ||     7
         Short sword       |       |       |   152 |   212 ||   364
   Fire: Sling             |       |    88 |   191 |   330 ||   609
   Cast: Summon Small Mamm |    20 |     6 |     3 |     1 ||    30
         Call Imp          |     8 |    12 |    27 |    22 ||    69
         Call Canine Famil |       |     4 |    13 |    11 ||    28
 Invoke: Stomp             |       |       |     3 |     1 ||     4
         Line Pass         |       |       |     1 |       ||     1
         Depart the Abyss  |       |       |       |     2 ||     2
Ability: Begin Untransform |       |       |       |     1 ||     1
  Evoke: Wand              |       |       |     3 |    13 ||    16
         Sack of spiders   |       |       |       |     1 ||     1
    Use: Scroll            |       |     3 |     4 |     3 ||    10
   Stab: Sleeping          |     9 |       |     6 |     9 ||    24
         Distracted        |     2 |       |     1 |     1 ||     4
         Paralysed         |       |       |     4 |     5 ||     9
 Armour: Robe              |    30 |    14 |    31 |       ||    75
         Troll leather arm |       |       |    89 |   146 ||   235
  Dodge: Dodged            |   111 |    40 |   258 |   275 ||   684
   Form: Serpent           |       |       |       |     1 ||     1
